Map: Abiogenesis LE

Players

Dark

  • Race: Zerg Zerg
  • Spawn Location: 5:00

Maru - Winner!

  • Race: Terran Terran
  • Spawn Location: 11:00

Event: WESG 2017 Haikou

VOD

Have the link to the VOD?

Description

Time

  • Played on: March 17, 2018, 11:12 p.m.
  • Length: 8:22

All games in this series

Show
View Real Time Build Order
Export as new Build Order

Dark Zerg 

Build Orders: Hatch First 

Get SALT Encoding   

  12  0:00  Drone  
  13  0:12  Overlord  
  13  0:17  Drone  
  14  0:31  Drone x2  
  14  0:35  Drone  
  17  0:53  Hatchery  
  16  0:57  Drone  
  16  0:59  Drone  
  18  1:11  Extractor  
  17  1:14  Spawning Pool  
  16  1:19  Drone  
  16  1:20  Drone  
  18  1:30  Drone  
  19  1:42  Overlord  
  19  2:01  Zergling x4  
  19  2:05  Zergling x2  
  19  2:06  Spine Crawler  
  21  2:15  Zergling x2  
  20  2:17  Zergling x2  
  20  2:18  Queen  
  20  2:22  Zergling x2  
  24  2:26  Zergling x2  
  25  2:39  Drone x2  
  27  2:49  Drone  
  27  2:50  Spine Crawler  
  27  2:53  Spine Crawler  
  27  2:57  Drone x2  
  28  3:03  Queen  
  30  3:14  Overlord  
  30  3:16  Overlord  
  31  3:34  Drone x3  
  33  3:43  Queen  
  34  4:01  Drone x2  
  34  4:11  Spine Crawler  
  34  4:12  Spine Crawler  
  34  4:13  Drone x3  
  34  4:14  Drone  
  36  4:21  Queen  
  38  4:30  Drone x2  
  40  4:58  Lair  
  40  4:59  Drone x2  
  43  5:00  Drone x2  
  44  5:07  Hatchery  
  44  5:13  Drone  
  44  5:20  Spore Crawler  
  43  5:22  Drone  
  44  5:30  Overlord  
  44  5:37  Metabolic Boost  
  44  5:38  Roach Warren  
  43  5:45  Extractor  
  41  5:58  Overseer  
  41  6:01  Pneumatized Carapace  
  41  6:04  Evolution Chamber  
  40  6:13  Overlord  
  40  6:19  Roach x5  
  40  6:23  Roach  
  52  6:32  Roach x2  
  56  6:42  Overlord  
  56  6:43  Roach  
  58  6:49  Zergling x4  
  58  6:50  Overlord  
  58  7:02  Queen  
  57  7:13  Zergling x8  
  57  7:14  Ravager x2  
  61  7:26  Zergling x12  
  66  7:33  Zergling x2  
  64  7:47  Zergling x2  
  51  7:55  Zergling x4  
Show
View Real Time Build Order
Export as new Build Order

Maru Terran - Winner!

Build Orders:  

Get SALT Encoding   

  12  0:00  SCV  
  13  0:12  SCV  
  14  0:18  Supply Depot  
  14  0:24  SCV  
  15  0:40  Barracks  
  15  0:41  SCV  
  16  0:55  Barracks  
  16  0:58  SCV  
  17  1:08  Refinery  
  17  1:10  SCV  
  18  1:26  Marine  
  18  1:27  Orbital Command  
  19  1:35  Supply Depot  
  19  1:42  Marine  
  19  1:44  Marine  
  21  1:48  Bunker  
  21  1:52  SCV  
  22  2:02  Marine  
  22  2:05  SCV  
  24  2:11  Marine  
  25  2:17  Factory  
  25  2:18  SCV  
  25  2:20  Marine  
  27  2:27  Bunker  
  27  2:33  SCV  
  28  2:37  Bunker  
  28  2:39  Marine  
  28  2:40  Marine  
  30  2:46  Supply Depot  
  30  2:49  SCV  
  31  3:02  Supply Depot  
  31  3:07  Starport  
  31  3:12  Factory Tech Lab  
  31  3:20  Refinery  
  31  3:23  SCV  
  32  3:35  SCV  
  32  3:39  Command Center  
  33  3:47  SCV  
  33  4:00  SCV  
  33  4:03  Factory Reactor  
  33  4:07  Banshee  
  33  4:09  Supply Depot  
  35  4:12  SCV  
  36  4:27  Cloaking Field  
  36  4:28  SCV  
  36  4:40  Barracks Tech Lab, Hellion  
  36  4:41  SCV, Hellion  
  41  4:50  Banshee  
  44  4:52  Orbital Command  
  44  5:03  Hellion x2  
  44  5:07  Marine, Stimpack  
  48  5:08  SCV  
  50  5:19  SCV  
  50  5:20  SCV  
  52  5:24  Marine  
  53  5:29  Barracks x2  
  53  5:31  SCV  
  53  5:32  Factory Reactor, SCV  
  53  5:34  Bunker, Banshee  
  58  5:40  Supply Depot  
  58  5:43  SCV  
  58  5:49  SCV  
  60  5:53  Command Center  
  60  5:54  Marine  
  61  6:03  SCV  
  62  6:12  SCV  
  62  6:13  Supply Depot  
  62  6:14  Engineering Bay  
  62  6:15  SCV  
  62  6:16  Engineering Bay  
  64  6:23  Marine, Siege Tank  
  64  6:24  Marine x2  
  64  6:25  Starport Reactor, Marine x2  
  72  6:28  SCV  
  73  6:34  Supply Depot  
  73  6:36  SCV  
  74  6:41  Marine x3  
  74  6:43  Marine  
  78  6:52  Marine  
  79  6:59  Marine  
  80  7:03  Marine  
  81  7:10  Marine x2  
  81  7:11  SCV, Marine  
  81  7:14  Supply Depot  
  81  7:15  Orbital Command  
  85  7:16  SCV  
  85  7:17  Marine  
  85  7:21  Marine  
  88  7:23  Medivac  
  88  7:27  Marine  
  88  7:28  Marine  
  92  7:33  Marine  
  92  7:35  Marine  
  94  7:37  SCV x2  
  94  7:38  Marine  
  91  7:45  Siege Tank, Marine x2  
  91  7:48  SCV  
  91  7:51  Marine  
  93  7:52  Marine  
  93  7:56  Marine  
  86  8:03  Marine x2  
Tags
 
Add a new tag
Caveats
  • Supply blocks, unpowered buildings, or Contaminate may cause inaccurate times.
  • Supply counts are checked every 10 seconds.